Map: New Repugnancy LE

Players

TiPtOP - Winner!

  • Race: Terran Terran
  • League: Silver
  • Spawn Location: 1:00

MTP

  • Race: Protoss Protoss
  • League: Silver
  • Spawn Location: 7:00

VOD

Have the link to the VOD?

Description

Time

  • Played on: May 7, 2019, 6:38 a.m.
  • Length: 12:20
Show
View Real Time Build Order
Export as new Build Order

TiPtOP Terran - Winner!

Build Orders: Gas First Reaper Expand 

Get SALT Encoding   

  12  0:01  SCV  
  13  0:14  SCV  
  14  0:21  Supply Depot  
  14  0:29  Refinery, SCV  
  15  0:43  SCV  
  16  0:53  Barracks  
  16  1:05  SCV  
  17  1:24  SCV  
  18  1:40  Orbital Command  
  18  1:41  Reaper  
  19  1:56  Supply Depot  
  19  2:11  SCV  
  20  2:32  Barracks Reactor  
  20  2:35  Command Center  
  20  2:38  SCV  
  21  3:03  SCV  
  22  3:29  SCV  
  23  3:41  SCV  
  24  3:50  Marine x2  
  24  3:53  SCV  
  27  4:00  SCV  
  28  4:12  Refinery  
  28  4:15  Barracks  
  28  4:26  Factory  
  28  4:43  SCV x2  
  30  5:01  SCV  
  30  5:06  Barracks Tech Lab  
  31  5:13  SCV  
  32  5:28  Marine x2, Marauder  
  36  5:32  Bunker  
  36  5:36  SCV  
  36  5:41  Starport, Factory Reactor  
  37  5:49  SCV  
  38  5:51  SCV  
  39  6:08  Barracks x2  
  39  6:11  Marine x2  
  39  6:12  Command Center, Marauder  
  43  6:18  SCV  
  43  6:23  Supply Depot  
  44  6:25  Supply Depot  
  44  6:31  SCV  
  45  6:36  Marine  
  46  6:44  Marine, Marauder  
  49  6:51  Factory Tech Lab  
  49  6:58  Barracks Tech Lab  
  49  7:00  Barracks Reactor  
  49  7:02  Stimpack  
  49  7:09  Engineering Bay  
  49  7:11  Engineering Bay  
  49  7:41  SCV x2  
  51  7:51  SCV  
  52  7:53  SCV  
  58  8:08  Marine x2, Marauder x2  
  59  8:18  Marine x2  
  61  8:23  Combat Shield  
  61  8:26  Terran Infantry Weapons Level 1  
  61  8:27  Terran Infantry Armor Level 1  
  61  8:29  Siege Tank, Marine  
  61  8:33  SCV  
  66  8:45  SCV  
  66  8:56  Marine  
  66  8:57  Marine x2, Marauder x2  
  66  9:00  Medivac  
  66  9:01  Medivac  
  77  9:12  Supply Depot x2  
  77  9:13  Supply Depot  
  77  9:15  Supply Depot  
  77  9:20  Refinery  
  77  9:21  Refinery  
  77  9:33  Siege Tank, SCV x2  
  86  9:52  Marine  
  86  9:53  Marine x3, Marauder x2  
  86  9:57  Viking x2  
  94  10:05  Siege Tank  
  101  10:14  Marine x4, Marauder x2  
  100  10:32  Marine  
  102  10:35  Marauder  
  102  10:37  Cyclone  
  93  10:59  Medivac x2  
  97  11:10  Cyclone  
  100  11:16  Marine  
  100  11:17  Marine x2, Marauder x2  
  107  11:25  SCV x2  
  109  11:59  SCV  
  109  12:00  SCV  
Show
View Real Time Build Order
Export as new Build Order

MTP Protoss 

Build Orders:  

Get SALT Encoding   

  12  0:10  Probe  
  13  0:22  Probe  
  14  0:46  Pylon  
  14  0:47  Probe, Pylon  
  15  1:00  Probe  
  16  1:06  Gateway  
  16  1:11  Probe, Forge  
  17  1:23  Probe  
  18  1:32  Assimilator  
  18  1:37  Assimilator  
  18  1:39  Probe  
  19  1:49  Photon Cannon  
  19  1:51  Probe  
  19  1:52  Photon Cannon  
  20  2:03  Probe  
  21  2:13  Photon Cannon  
  21  2:17  Cybernetics Core  
  21  2:27  Probe  
  22  2:39  Probe  
  23  2:47  Pylon  
  23  2:51  Probe  
  24  3:08  Photon Cannon  
  23  3:51  Photon Cannon  
  23  3:53  Photon Cannon  
  23  4:23  Pylon  
  23  4:25  Warp Gate  
  23  4:26  Zealot  
  25  4:32  Gateway  
  25  4:33  Protoss Ground Weapons Level 1  
  25  4:50  Shield Battery  
  25  5:03  Stalker  
  27  5:19  Nexus  
  27  5:26  Zealot  
  29  5:45  Probe  
  30  5:55  Stalker  
  32  5:57  Probe  
  33  6:09  Probe  
  34  6:21  Probe  
  35  6:26  Pylon  
  35  6:27  Stalker  
  37  6:33  Probe x2  
  39  6:45  Probe  
  40  6:49  Stargate  
  40  6:51  Stalker  
  42  6:57  Probe  
  42  7:01  Stalker  
  45  7:09  Probe  
  46  7:20  Twilight Council  
  46  7:21  Probe  
  47  7:23  Assimilator  
  47  7:29  Assimilator  
  47  7:33  Probe  
  47  7:34  Stalker  
  50  7:38  Blink  
  50  7:45  Stalker, Probe  
  53  7:54  Probe  
  54  8:02  Probe  
  54  8:04  Probe  
  55  8:08  Stalker  
  55  8:11  Stalker  
  55  8:12  Probe  
  60  8:16  Protoss Shields Level 1  
  60  8:17  Probe  
  62  8:24  Probe  
  63  8:29  Probe  
  64  8:35  Stalker  
  64  8:36  Probe  
  64  8:37  Stalker  
  69  8:55  Pylon, Protoss Air Weapons Level 1  
  69  9:00  Pylon  
  69  9:05  Pylon  
  69  9:11  Pylon  
  69  9:12  Probe  
  70  9:25  Probe, Void Ray  
  71  9:33  Gateway  
  71  9:34  Gateway  
  71  9:37  Probe  
  76  9:48  Gateway  
  76  9:49  Probe  
  76  9:52  Zealot  
  79  9:54  Zealot  
  81  10:01  Probe  
  82  10:08  Void Ray  
  86  10:17  Zealot  
  60  10:43  Zealot  
  60  10:44  Zealot  
  60  10:47  Sentry  
  60  10:49  Zealot  
  68  10:52  Zealot  
  70  11:12  Zealot, Nexus  
  70  11:14  Zealot  
  74  11:24  Shield Battery  
  74  11:27  Pylon  
  74  11:32  Dark Shrine  
  74  11:35  Pylon  
  74  11:38  Pylon  
  74  11:45  Zealot  
  76  11:47  Stalker  
  76  11:49  Stalker  
  76  11:51  Phoenix  
  58  12:03  Zealot  
  58  12:05  Zealot  
Tags
 
Add a new tag
Caveats
  • Supply blocks, unpowered buildings, or Contaminate may cause inaccurate times.
  • Supply counts are checked every 10 seconds.